Map: Lerilak Crest

Players

LiquidBunny (Bunny) - Winner!

  • Race: Terran Terran
  • League: Grandmaster

MarineLorD

  • Race: Terran Terran
  • League: Platinum

VOD

Have the link to the VOD?

Description

Time

  • Played on: Nov. 18, 2015, 1:45 p.m.
  • Length: 14:29
Show
View Real Time Build Order
Export as new Build Order

LiquidBunny Terran - Winner!

Build Orders: MMM Bio 

Get SALT Encoding   

  12  0:00  SCV  
  13  0:13  SCV  
  14  0:17  Supply Depot  
  14  0:25  SCV  
  15  0:38  SCV  
  15  0:40  Barracks  
  16  0:43  Refinery  
  16  0:50  SCV  
  17  1:02  SCV  
  18  1:14  SCV  
  19  1:27  Orbital Command  
  19  1:28  Barracks Reactor  
  19  1:39  Command Center  
  19  1:45  Refinery  
  19  1:53  Supply Depot  
  19  1:55  SCV  
  20  2:04  Reaper x2  
  20  2:07  SCV  
  23  2:19  SCV, Bunker  
  24  2:26  Factory  
  24  2:31  SCV  
  24  2:36  Marine x2  
  27  2:43  SCV  
  28  2:54  Marine x2  
  28  2:56  Orbital Command  
  30  3:02  SCV  
  31  3:10  Factory Tech Lab, Starport  
  31  3:13  Marine  
  31  3:14  SCV  
  32  3:21  Marine  
  32  3:23  SCV  
  34  3:28  SCV  
  34  3:30  Cyclone  
  38  3:35  SCV  
  38  3:36  Engineering Bay  
  38  3:40  SCV  
  40  3:47  Medivac  
  40  3:48  SCV  
  41  3:49  Marine x2  
  41  3:53  SCV  
  44  3:57  Supply Depot  
  45  4:04  Missile Turret  
  45  4:06  Missile Turret  
  45  4:07  SCV x2  
  46  4:18  Marine x2  
  46  4:19  SCV x2  
  46  4:22  Supply Depot  
  46  4:24  Siege Tank  
  53  4:31  SCV x2  
  54  4:43  SCV x2, Medivac, Marine x2  
  60  4:46  Barracks  
  60  4:51  Barracks  
  60  4:55  SCV  
  60  4:59  Siege Tank  
  64  5:02  SCV  
  65  5:07  SCV  
  65  5:08  Marine x2  
  65  5:14  SCV  
  69  5:20  SCV  
  69  5:29  SCV  
  69  5:31  Supply Depot  
  70  5:36  Barracks Tech Lab  
  70  5:40  Barracks Tech Lab  
  70  5:42  Command Center  
  70  5:51  Supply Depot  
  70  5:52  Supply Depot, Siege Tank, SCV x2  
  72  6:03  Marine x2  
  74  6:04  SCV  
  74  6:05  SCV  
  74  6:08  Combat Shields, Stimpack  
  74  6:09  Marauder  
  78  6:16  Supply Depot  
  78  6:17  SCV x2  
  76  6:29  SCV x2  
  70  6:41  SCV x2  
  70  6:42  Marine  
  70  6:43  Marauder  
  67  6:47  Refinery  
  67  6:48  Refinery  
  67  6:49  Marauder, Starport Reactor, Marine  
  67  6:50  Barracks  
  67  6:52  Siege Tank  
  67  6:53  SCV x2, Barracks  
  72  6:56  Terran Infantry Weapons Level 1  
  72  7:00  Marine  
  73  7:05  SCV, Marauder  
  73  7:06  Marine  
  77  7:10  SCV  
  77  7:15  Orbital Command  
  78  7:17  SCV  
  78  7:18  Marauder, Marine  
  82  7:24  SCV, Marine  
  82  7:26  Marauder  
  82  7:29  SCV  
  87  7:32  Medivac  
  87  7:33  Medivac  
  87  7:36  SCV, Refinery, Marine  
  93  7:39  Barracks Reactor, Barracks Tech Lab, Marauder  
  93  7:41  SCV  
  93  7:42  SCV, Marine  
  98  7:44  Concussive Shells  
  98  7:48  Refinery, Marauder  
  100  7:53  SCV  
  100  7:54  Marine  
  100  7:55  Supply Depot  
  100  7:56  Supply Depot  
  102  8:00  Marine  
  102  8:01  Marauder  
  102  8:05  Marauder  
  107  8:06  Barracks  
  107  8:08  Barracks  
  107  8:10  Marauder  
  107  8:11  Marine  
  110  8:15  SCV  
  110  8:17  Command Center  
  111  8:21  Marine x2  
  111  8:22  Marauder  
  111  8:23  Engineering Bay  
  111  8:24  Armory, Marine  
  111  8:27  Marauder  
  118  8:29  Medivac x2  
  118  8:31  Marauder  
  124  8:36  Marine  
  125  8:44  Marauder  
  125  8:46  Marine  
  125  8:47  Marine  
  125  8:48  Marauder  
  131  8:51  Marine  
  131  8:53  Terran Infantry Armor Level 1  
  132  8:59  Supply Depot, Barracks Reactor  
  132  9:01  Marine  
  133  9:05  Liberator  
  133  9:06  Liberator  
  133  9:07  Command Center  
  133  9:09  Supply Depot  
  133  9:10  Supply Depot  
  133  9:13  Terran Infantry Weapons Level 2  
  133  9:16  Terran Ship Weapons Level 1  
  133  9:20  Marine x2  
  133  9:21  SCV x2, Marauder x2  
  133  9:22  SCV, Marine  
  149  9:33  Starport  
  149  9:35  Starport  
  149  9:37  Orbital Command  
  149  9:38  SCV  
  150  9:39  Marine  
  150  9:40  Marauder  
  150  9:44  SCV  
  154  9:48  SCV, Liberator  
  154  9:49  Refinery, Liberator  
  154  9:51  Refinery  
  155  9:53  SCV, Marine x2  
  155  9:54  Fusion Core, Marauder  
  155  9:56  SCV  
  155  9:58  Marine  
  155  9:59  Supply Depot  
  162  10:01  SCV  
  169  10:09  Starport Tech Lab  
  169  10:11  Starport Reactor  
  169  10:12  Liberator  
  169  10:13  Supply Depot, SCV  
  170  10:15  Missile Turret  
  170  10:18  Planetary Fortress  
  170  10:26  Marine  
  169  10:31  Liberator x2  
  170  10:35  Liberator  
  170  10:36  Liberator  
  170  10:42  Refinery  
  170  10:44  Advanced Ballistics  
  176  10:54  Refinery  
  173  11:13  Liberator  
  173  11:14  Liberator  
  159  11:26  Marine x3  
  159  11:27  Marauder  
  164  11:34  Marine x5  
  164  11:35  Marauder, Terran Infantry Weapons Level 3, Terran Infantry Armor Level 2  
  164  11:36  Liberator x2  
  171  11:42  Command Center  
  171  11:44  Supply Depot, Marine x3  
  172  11:47  Liberator  
  172  11:48  Marauder  
  172  11:52  Marine  
  172  11:53  Marauder x2  
  176  11:56  Liberator x2  
  176  12:00  Marine x2  
  177  12:01  Marauder  
  177  12:02  Marine  
  177  12:03  Marine x2  
  178  12:09  Marine  
  178  12:10  Marauder  
  185  12:19  Liberator x2  
  131  12:44  Marine x2  
  131  12:45  Marauder x2  
  131  12:46  Marine x3  
  131  12:47  Marine, Medivac, Marauder x2  
  138  12:56  Medivac x2  
  142  13:02  Marine x2  
  142  13:04  Marine x3  
  147  13:06  Marauder x2  
  147  13:07  Marine  
  147  13:08  Marauder x2  
  156  13:17  Medivac  
  156  13:19  Medivac x2  
  162  13:20  Marine x2  
  162  13:21  Liberator  
  162  13:22  Marine x2  
  162  13:26  Medivac  
  168  13:27  Marauder  
  168  13:28  Marauder  
  168  13:29  Marine  
  168  13:30  Marauder, Marine x2  
  168  13:31  Missile Turret  
  177  13:37  Marine  
  177  13:38  Marine  
  184  13:48  Marauder  
  184  13:55  Marauder, Marine  
  162  13:57  Marine  
  162  13:58  Marauder  
  157  14:08  Marine x3  
  160  14:11  Marine  
Show
View Real Time Build Order
Export as new Build Order

MarineLorD Terran 

Build Orders: 1/1/1, Hellion Banshee, Mech 

Get SALT Encoding   

  12  0:00  SCV  
  13  0:13  SCV  
  14  0:17  Supply Depot  
  14  0:25  SCV  
  15  0:31  Refinery  
  15  0:38  SCV  
  16  0:43  Barracks  
  16  0:50  SCV  
  17  0:58  Refinery  
  17  1:02  SCV  
  18  1:14  SCV  
  19  1:30  Orbital Command  
  19  1:31  Factory  
  19  1:37  Reaper  
  20  1:42  Supply Depot  
  20  1:55  SCV  
  21  2:07  SCV  
  22  2:09  Reaper  
  22  2:15  Hellion, Starport  
  25  2:19  SCV  
  26  2:25  Supply Depot  
  26  2:32  SCV  
  26  2:36  Hellion  
  29  2:41  Barracks Tech Lab  
  29  2:44  SCV  
  30  2:56  SCV  
  30  2:58  Hellion  
  33  3:02  Cloaking Field  
  33  3:05  Banshee  
  36  3:06  Barracks Reactor  
  36  3:12  Supply Depot  
  36  3:14  SCV  
  35  3:23  Hellion  
  35  3:26  SCV  
  38  3:42  Command Center  
  38  3:47  SCV  
  37  3:54  Banshee  
  40  3:59  SCV  
  41  4:04  Supply Depot  
  41  4:10  Barracks Reactor, Engineering Bay  
  41  4:11  SCV  
  40  4:23  SCV, Hellion x2  
  45  4:35  SCV  
  42  4:41  Raven  
  42  4:44  Hellion  
  42  4:45  Hellion  
  47  4:48  SCV  
  48  4:55  Orbital Command  
  48  5:00  SCV  
  49  5:12  SCV  
  50  5:16  Hellion  
  50  5:17  Hellion  
  50  5:20  SCV  
  52  5:24  SCV  
  53  5:29  Missile Turret  
  53  5:34  Viking  
  53  5:35  Command Center  
  55  5:36  SCV  
  55  5:37  Viking  
  55  5:39  SCV  
  59  5:48  SCV, Hellion x2  
  62  5:59  SCV  
  62  6:00  SCV  
  62  6:04  Viking  
  64  6:07  Viking  
  64  6:09  Hellion  
  70  6:14  Supply Depot  
  70  6:16  SCV  
  70  6:17  Hellion  
  69  6:28  SCV  
  69  6:31  Hellion  
  68  6:38  Hellion  
  65  6:40  SCV  
  59  6:48  Orbital Command  
  59  6:51  Barracks Tech Lab  
  59  6:52  SCV, Hellion, Factory  
  59  6:53  SCV  
  63  6:54  Supply Depot, Factory  
  63  6:59  Hellion  
  65  7:01  Viking x2  
  65  7:04  SCV  
  65  7:05  SCV  
  71  7:09  Refinery  
  71  7:10  Refinery  
  71  7:14  Hellion  
  73  7:18  SCV x2  
  73  7:21  Hellion  
  77  7:27  Orbital Command  
  77  7:30  SCV  
  77  7:31  SCV, Viking x2  
  83  7:40  Siege Tank  
  83  7:42  SCV  
  83  7:43  Siege Tank, Infernal Pre-Igniter  
  90  7:47  SCV  
  90  7:49  Refinery  
  91  7:53  SCV  
  91  7:54  SCV  
  91  7:56  Hellion x2  
  97  8:04  Supply Depot, Refinery  
  97  8:06  Supply Depot, SCV x3  
  97  8:12  Siege Tank  
  103  8:15  Supply Depot, Siege Tank  
  103  8:18  SCV x2  
  108  8:26  Hellion x2, Viking  
  114  8:30  SCV, Viking  
  117  8:35  Armory  
  117  8:37  Armory  
  115  8:46  Siege Tank  
  118  8:48  Missile Turret  
  125  8:55  Hellion x2, Siege Tank  
  125  9:05  Factory  
  125  9:06  Supply Depot, Factory  
  125  9:09  Supply Depot, Missile Turret x2  
  125  9:11  Missile Turret  
  125  9:12  Supply Depot  
  125  9:17  Missile Turret  
  125  9:19  Missile Turret  
  125  9:20  Viking  
  125  9:22  Sensor Tower  
  125  9:23  Viking  
  129  9:27  SCV x3  
  129  9:30  Terran Vehicle Weapons Level 1  
  132  9:31  Terran Vehicle And Ship Armor Level 1  
  132  9:35  Siege Tank  
  135  9:44  Supply Depot  
  139  9:51  Factory Tech Lab  
  139  9:52  Factory Reactor  
  135  9:55  Starport  
  135  9:56  Command Center  
  135  9:57  Factory Reactor  
  135  9:58  Viking  
  135  9:59  Viking  
  139  10:01  Hellion  
  141  10:07  Supply Depot x2  
  141  10:08  Supply Depot  
  141  10:10  Siege Tank  
  144  10:19  Siege Tank  
  145  10:23  Liberator x2  
  145  10:27  Siege Tank  
  145  10:28  Hellion  
  146  10:39  Hellion x2  
  146  10:40  Hellion  
  146  10:42  Hellion  
  160  10:51  Hellion x2  
  164  10:59  Hellion  
  164  11:02  Hellion  
  164  11:03  Hellion x2  
  164  11:04  Siege Tank  
  175  11:09  Liberator x2  
  167  11:12  Siege Tank  
  167  11:13  Hellion  
  167  11:14  Liberator  
  158  11:21  Hellion  
  158  11:24  Hellion x2  
  158  11:25  Hellion  
  135  11:36  Siege Tank  
  135  11:37  Command Center  
  138  11:46  Viking  
  132  12:01  Hellion x2  
  136  12:09  Viking x2  
  136  12:12  Terran Vehicle Weapons Level 2  
  136  12:13  Terran Vehicle And Ship Armor Level 2  
  136  12:14  Viking  
  136  12:17  Viking  
  132  12:30  Hellion x2  
  117  12:39  Hellion x2, Viking x2  
  117  12:42  Hellion x2, Siege Tank  
  110  12:51  Hellion  
  110  12:53  Orbital Command  
  110  12:54  Planetary Fortress  
  110  13:03  Viking  
  110  13:04  Viking  
  114  13:06  Siege Tank  
  120  13:21  Hellion x5  
  120  13:22  Siege Tank  
  130  13:36  Refinery x2, Missile Turret  
  130  13:38  Siege Tank  
  133  13:42  Hellion, Siege Tank  
  133  13:46  Hellion  
  140  13:53  Hellion x2  
  140  13:54  Siege Tank  
  111  14:04  Hellion  
  111  14:07  Hellion  
Tags
 
Add a new tag
Caveats
  • Supply blocks, unpowered buildings, or Contaminate may cause inaccurate times.
  • Supply counts are checked every 10 seconds.